NCAA
UCLA BRUINS @ ARKANSAS RAZORBACKS
04/21/2028
 
TOP OF THE 1ST
UCLA Bruins batting - Pitching for Arkansas Razorbacks : RHP Bobby Brooks
Pitching: RHP Bobby Brooks
Batting: RHB Kent Bannatyne 0-0: Called Strike
0-1: Swinging Strike
0-2: Foul Ball, location: 2F
0-2: Ball
1-2: Ball
2-2: Foul Ball, location: 2F
2-2: Ball
3-2: Strikes out swinging
Batting: RHB José Soto 0-0: Foul Ball, location: 2F
0-1: Swinging Strike
0-2: Ball
1-2: Strikes out swinging
Batting: RHB Phil Thomas 0-0: Ball
1-0: SOLO HOME RUN (Line Drive, 7D), Distance : 370 ft
Batting: LHB Federico Medina 0-0: Called Strike
0-1: Ground out U3 (Groundball, 3)
Top of the 1st over - 1 run(s), 1 hit(s), 0 error(s), 0 left on base; UCLA 1 - Arkansas 0
BOTTOM OF THE 1ST
Arkansas Razorbacks batting - Pitching for UCLA Bruins : RHP Bill Bowen
Pitching: RHP Bill Bowen
Batting: LHB Octávio Otero 0-0: Foul Ball, location: 2F
0-1: Ball
1-1: Ball
2-1: TRIPLE (Flyball, 78D)
Batting: SHB Doug Thompson 0-0: Ball
1-0: Ball
2-0: Called Strike
2-1: Called Strike
2-2: Ball
3-2: Foul Ball, location: 2F
3-2: Foul Ball, location: 2F
3-2: Strikes out looking
Batting: RHB Wayne Workman 0-0: Swinging Strike
0-1: Ball
1-1: Called Strike
1-2: Ball
2-2: Ball
3-2: SINGLE (Line Drive, 4)
Octávio Otero scores
Batting: LHB Phil Bishop 0-0: Ball
Throwing error on steal attempt, E2
Wayne Workman to third
1-0: Called Strike
1-1: Foul Ball, location: 2F
1-2: Ball
2-2: Ball
3-2: Strikes out swinging
Batting: RHB Hank Brown 0-0: Ball
1-0: Ball
2-0: Fly out, F8 (Flyball, 78M)
Bottom of the 1st over - 1 run(s), 2 hit(s), 1 error(s), 1 left on base; UCLA 1 - Arkansas 1
TOP OF THE 2ND
UCLA Bruins batting - Pitching for Arkansas Razorbacks : RHP Bobby Brooks
Batting: RHB John Pineau 0-0: Ball
1-0: SOLO HOME RUN (Line Drive, 7LD), Distance : 342 ft
Batting: LHB Lonnie Romero 0-0: DOUBLE (Line Drive, 9LM)
Batting: RHB Kevin Cochrane 0-0: Called Strike
0-1: Ball
1-1: Ball
2-1: Called Strike
2-2: Ball
3-2: Base on Balls
Batting: LHB Edward Norton 0-0: Ball
1-0: Ball
Wild Pitch!
Lonnie Romero to third
Kevin Cochrane to second
2-0: 3-RUN HOME RUN (Flyball, 9D), Distance : 353 ft
Batting: RHB Chad Walter 0-0: Ball
1-0: Called Strike
1-1: Ball
2-1: Foul Ball, location: 2F
2-2: Strikes out swinging
Batting: RHB Kent Bannatyne 0-0: Called Strike
0-1: Ground out 1-3 (Groundball, 13)
Batting: RHB José Soto 0-0: Ball
1-0: Called Strike
1-1: Ground out 6-3 (Groundball, 6)
Top of the 2nd over - 4 run(s), 3 hit(s), 0 error(s), 0 left on base; UCLA 5 - Arkansas 1
BOTTOM OF THE 2ND
Arkansas Razorbacks batting - Pitching for UCLA Bruins : RHP Bill Bowen
Batting: RHB Peter Bannatyne 0-0: Foul Ball, location: 2F
0-1: Called Strike
0-2: Strikes out looking
Batting: RHB Melvin Nelson 0-0: Ball
1-0: Ball
2-0: Called Strike
2-1: Swinging Strike
2-2: Foul Ball, location: 2F
2-2: Foul Ball, location: 2F
2-2: Ball
3-2: Base on Balls
Batting: RHB Kyle Younger 0-0: Called Strike
0-1: Foul Ball, location: 2F
0-2: Ball
1-2: Ball
2-2: Strikes out looking
Batting: RHB Ken Long 0-0: Ball
1-0: Fly out, F9 (Flyball, 9LSF)
Bottom of the 2nd over - 0 run(s), 0 hit(s), 0 error(s), 1 left on base; UCLA 5 - Arkansas 1
TOP OF THE 3RD
UCLA Bruins batting - Pitching for Arkansas Razorbacks : RHP Bobby Brooks
Batting: RHB Phil Thomas 0-0: Fly out, F8 (Flyball, 8LM)
Batting: LHB Federico Medina 0-0: Called Strike
0-1: Called Strike
0-2: Ball
1-2: Strikes out swinging
Batting: RHB John Pineau 0-0: Ball
1-0: Called Strike
1-1: Called Strike
1-2: Ball
2-2: Strikes out looking
Top of the 3rd over - 0 run(s), 0 hit(s), 0 error(s), 0 left on base; UCLA 5 - Arkansas 1
BOTTOM OF THE 3RD
Arkansas Razorbacks batting - Pitching for UCLA Bruins : RHP Bill Bowen
Batting: LHB Octávio Otero 0-0: Called Strike
0-1: Foul Ball, location: 2F
0-2: Foul Ball, location: 2F
0-2: Ball
1-2: Ball
2-2: Ball
3-2: Base on Balls
Batting: SHB Doug Thompson 0-0: Swinging Strike
0-1: Ball
Wild Pitch!
Octávio Otero to second
1-1: Foul Ball, location: 2F
1-2: SINGLE (Groundball, 3D)
Octávio Otero to third
Runner from 3rd tries for Home, SAFE, no throw
Batting: RHB Wayne Workman 0-0: Called Strike
Throwing error on steal attempt, E2
Doug Thompson to third
0-1: Swinging Strike
0-2: Ball
1-2: Foul Ball, location: 2F
1-2: Ball
2-2: DOUBLE (Line Drive, 3D)
Doug Thompson scores
Batting: LHB Phil Bishop 0-0: Ball
1-0: Ground out 4-3 (Groundball, 4M)
Wayne Workman to third
Batting: RHB Hank Brown 0-0: Foul Ball, location: 2F
0-1: Ball
1-1: Ball
2-1: Foul Ball, location: 2F
2-2: Fly out, F8 (Flyball, 8LD)
Runner from 3rd tags up, SCORES, no throw
Batting: RHB Peter Bannatyne 0-0: Called Strike
0-1: Ball
1-1: Ball
2-1: Called Strike
2-2: Foul Ball, location: 2F
2-2: Ground out 1-3 (Groundball, 13S)
Bottom of the 3rd over - 3 run(s), 2 hit(s), 1 error(s), 0 left on base; UCLA 5 - Arkansas 4
TOP OF THE 4TH
UCLA Bruins batting - Pitching for Arkansas Razorbacks : RHP Bobby Brooks
Batting: LHB Lonnie Romero 0-0: Called Strike
0-1: Ball
1-1: Foul Ball, location: 2F
1-2: Single, Error in OF, E8, batter to second base
Batting: RHB Kevin Cochrane 0-0: Ground out 4-3 (Groundball, 4)
Lonnie Romero to third
Batting: LHB Edward Norton 0-0: Ball
1-0: Foul Ball, location: 2F
1-1: Swinging Strike
1-2: Ball
2-2: Strikes out looking
Batting: RHB Chad Walter 0-0: Foul Ball, location: 2F
0-1: Ball
1-1: Ball
2-1: Called Strike
2-2: Ball
3-2: Strikes out swinging
Top of the 4th over - 0 run(s), 1 hit(s), 1 error(s), 1 left on base; UCLA 5 - Arkansas 4
BOTTOM OF THE 4TH
Arkansas Razorbacks batting - Pitching for UCLA Bruins : RHP Bill Bowen
Batting: RHB Melvin Nelson 0-0: DOUBLE (Flyball, 89D) - OUT at third base trying to stretch hit.
Batting: RHB Kyle Younger 0-0: Called Strike
0-1: Ball
1-1: Ball
2-1: SINGLE (Line Drive, 6MD)
Pitching: RHP Clifton Davis
Batting: RHB Ken Long 0-0: Ball
1-0: Ball
2-0: Foul Ball, location: 2F
2-1: 2-RUN HOME RUN (Flyball, 8LXD), Distance : 397 ft
Batting: LHB Octávio Otero 0-0: Ball
1-0: Foul Ball, location: 2F
1-1: Swinging Strike
1-2: Foul Ball, location: 2F
1-2: Ball
2-2: Foul Ball, location: 2F
2-2: SINGLE (Groundball, 6MD)
Batting: SHB Doug Thompson 0-0: Ball
1-0: Ball
2-0: Fielders Choice at 2nd, 4-6 (Groundball, 4)
Batting: RHB Wayne Workman 0-0: Swinging Strike
0-1: Reached on error, E5 (Groundball, 56)
Doug Thompson to second
Batting: LHB Phil Bishop 0-0: Ball
1-0: Called Strike
1-1: Called Strike
1-2: Ground out 3-1 (Groundball, 34)
Bottom of the 4th over - 2 run(s), 4 hit(s), 1 error(s), 2 left on base; UCLA 5 - Arkansas 6
TOP OF THE 5TH
UCLA Bruins batting - Pitching for Arkansas Razorbacks : RHP Bobby Brooks
Pitching: RHP Dale Schneider
Batting: RHB Kent Bannatyne 0-0: Ball
1-0: SINGLE (Line Drive, 78S)
Batting: RHB José Soto 0-0: Swinging Strike
0-1: Ball
1-1: Ball
2-1: Ball
3-1: Base on Balls
Kent Bannatyne to second
Batting: RHB Phil Thomas 0-0: Ball
1-0: Foul Ball, location: 2F
1-1: Called Strike
1-2: Strikes out looking
Batting: LHB Federico Medina 0-0: Ball
1-0: Ball
2-0: 3-RUN HOME RUN (Flyball, 78XD), Distance : 387 ft
Pitching: LHP Júlio Flores
Batting: RHB John Pineau 0-0: Ball
1-0: Swinging Strike
1-1: Foul Ball, location: 2F
1-2: Fly out, F2 (Popup, 15S)
Batting: LHB Lonnie Romero 0-0: Called Strike
0-1: Foul Ball, location: 2F
0-2: Ball
1-2: Ball
2-2: Ball
3-2: Base on Balls
Batting: RHB Kevin Cochrane 0-0: Swinging Strike
0-1: Ball
1-1: Called Strike
1-2: DOUBLE (Flyball, 78XD)
Lonnie Romero to third
Batting: LHB Edward Norton 0-0: Ball
1-0: Ball
2-0: Foul Ball, location: 2F
2-1: Ball
3-1: Base on Balls
Batting: RHB Chad Walter 0-0: Ball
1-0: Called Strike
1-1: Foul Ball, location: 2F
1-2: Strikes out looking
Top of the 5th over - 3 run(s), 3 hit(s), 0 error(s), 3 left on base; UCLA 8 - Arkansas 6
BOTTOM OF THE 5TH
Arkansas Razorbacks batting - Pitching for UCLA Bruins : RHP Clifton Davis
Batting: RHB Hank Brown 0-0: Ground out 4-3 (Groundball, 4)
Batting: RHB Peter Bannatyne 0-0: Swinging Strike
0-1: Ball
1-1: Ball
2-1: Ground out 4-3 (Groundball, 4M)
Batting: RHB Melvin Nelson 0-0: Ball
1-0: SINGLE (Groundball, 56D)
Batting: RHB Kyle Younger 0-0: Ball
1-0: SINGLE (Groundball, 6MD)
Melvin Nelson to second
Batting: RHB Ken Long 0-0: Ball
1-0: Ball
2-0: Ball
3-0: Base on Balls
Melvin Nelson to third
Kyle Younger to second
Batting: LHB Octávio Otero 0-0: Foul Ball, location: 2F
0-1: Fielders Choice at 2nd, 6-4 (Groundball, 6)
Bottom of the 5th over - 0 run(s), 2 hit(s), 0 error(s), 2 left on base; UCLA 8 - Arkansas 6
TOP OF THE 6TH
UCLA Bruins batting - Pitching for Arkansas Razorbacks : LHP Júlio Flores
Batting: RHB Kent Bannatyne 0-0: Ball
1-0: Ball
2-0: Foul Ball, location: 2F
2-1: Ball
3-1: Base on Balls
Batting: RHB José Soto 0-0: Foul Ball, location: 2F
0-1: Swinging Strike
0-2: Strikes out swinging
Batting: RHB Phil Thomas 0-0: Ball
1-0: Ball
2-0: Called Strike
2-1: Ball
3-1: Foul Ball, location: 2F
3-2: Strikes out swinging
Kent Bannatyne steals 2nd base
Batter strikes out.
Batting: LHB Federico Medina 0-0: Called Strike
0-1: Swinging Strike
0-2: Ball
1-2: Fly out, F8 (Flyball, 8LM)
Top of the 6th over - 0 run(s), 0 hit(s), 0 error(s), 1 left on base; UCLA 8 - Arkansas 6
BOTTOM OF THE 6TH
Arkansas Razorbacks batting - Pitching for UCLA Bruins : RHP Clifton Davis
Batting: SHB Doug Thompson 0-0: Ball
1-0: Ball
2-0: Ball
3-0: Called Strike
3-1: Swinging Strike
3-2: Base on Balls
Batting: RHB Wayne Workman 0-0: Ball
1-0: Ball
2-0: DOUBLE (Line Drive, 7LM)
Doug Thompson to third
Batting: LHB Phil Bishop 0-0: Ball
1-0: Ball
2-0: SINGLE (Line Drive, 4D)
Doug Thompson scores
Wayne Workman to third
Pitching: RHP Pedro Vázquez
Batting: RHB Hank Brown 0-0: Called Strike
0-1: Ball
1-1: Called Strike
1-2: Foul Ball, location: 2F
1-2: Ball
2-2: Ball
3-2: Base on Balls
Phil Bishop to second
Batting: RHB Peter Bannatyne 0-0: Called Strike
0-1: SINGLE (Flyball, 6MD)
Wayne Workman scores
Phil Bishop to third
Hank Brown to second
Batting: RHB Melvin Nelson 0-0: SINGLE (Line Drive, 56D)
Phil Bishop scores
Hank Brown to third
Peter Bannatyne to second
Batting: RHB Kyle Younger 0-0: SINGLE (Flyball, 89S)
Hank Brown scores
Peter Bannatyne to third
Melvin Nelson to second
Runner from 3rd tries for Home, SAFE, throw made home
Pitching: RHP Dale Bennett
Batting: RHB Ken Long 0-0: Swinging Strike
0-1: 3-RUN HOME RUN (Line Drive, 7LD), Distance : 344 ft
Batting: LHB Octávio Otero 0-0: Foul Ball, location: 2F
0-1: Ball
1-1: Foul Ball, location: 2F
1-2: Strikes out swinging
Batting: SHB Doug Thompson 0-0: Ball
1-0: Swinging Strike
1-1: Ball
2-1: Foul Ball, location: 2F
2-2: Foul Ball, location: 2F
2-2: Strikes out swinging
Batting: RHB Wayne Workman 0-0: Foul Ball, location: 2F
0-1: Swinging Strike
0-2: Ball
1-2: Ball
2-2: Strikes out swinging
Bottom of the 6th over - 8 run(s), 6 hit(s), 0 error(s), 0 left on base; UCLA 8 - Arkansas 14
TOP OF THE 7TH
UCLA Bruins batting - Pitching for Arkansas Razorbacks : LHP Júlio Flores
Batting: RHB John Pineau 0-0: Swinging Strike
0-1: Ball
1-1: Fly out, F4 (Popup, 34D)
Batting: LHB Lonnie Romero 0-0: Fly out, F9 (Flyball, 9LM)
Batting: RHB Kevin Cochrane 0-0: Ball
1-0: Ball
2-0: SINGLE (Groundball, 34D)
Batting: LHB Edward Norton 0-0: Ball
1-0: Ball
2-0: Foul Ball, location: 2F
2-1: Called Strike
2-2: Strikes out swinging
Top of the 7th over - 0 run(s), 1 hit(s), 0 error(s), 1 left on base; UCLA 8 - Arkansas 14
BOTTOM OF THE 7TH
Arkansas Razorbacks batting - Pitching for UCLA Bruins : RHP Dale Bennett
Batting: LHB Phil Bishop 0-0: Fly out, F5 (Line Drive, 56S)
Batting: RHB Hank Brown 0-0: Ball
1-0: Called Strike
1-1: Ball
2-1: Ball
3-1: Swinging Strike
3-2: Strikes out swinging
Batting: RHB Peter Bannatyne 0-0: Foul Ball, location: 2F
0-1: Ball
1-1: Ball
2-1: Foul Ball, location: 2F
2-2: Foul Ball, location: 2F
2-2: Ground out 5-3 (Groundball, 56)
Bottom of the 7th over - 0 run(s), 0 hit(s), 0 error(s), 0 left on base; UCLA 8 - Arkansas 14
TOP OF THE 8TH
UCLA Bruins batting - Pitching for Arkansas Razorbacks : LHP Júlio Flores
Pitching: RHP John Foster
Now at 1B: Miguel Márquez
Batting: RHB Chad Walter 0-0: Ball
1-0: Ground out 6-3 (Groundball, 6S)
Batting: RHB Kent Bannatyne 0-0: Foul Ball, location: 2F
0-1: Ball
1-1: Ball
2-1: Ground out 1-3 (Groundball, 13)
Batting: RHB José Soto 0-0: Called Strike
0-1: Ball
1-1: SINGLE (Line Drive, 56)
Batting: RHB Phil Thomas 0-0: Ball
1-0: Foul Ball, location: 2F
1-1: Foul Ball, location: 2F
1-2: Ball
2-2: Strikes out swinging
Top of the 8th over - 0 run(s), 1 hit(s), 0 error(s), 1 left on base; UCLA 8 - Arkansas 14
BOTTOM OF THE 8TH
Arkansas Razorbacks batting - Pitching for UCLA Bruins : RHP Dale Bennett
Batting: RHB Melvin Nelson 0-0: Foul Ball, location: 2F
0-1: Called Strike
0-2: Ball
1-2: SOLO HOME RUN (Flyball, 7D), Distance : 355 ft
Batting: RHB Kyle Younger 0-0: Fly out, F8 (Line Drive, 8RD)
Batting: RHB Ken Long 0-0: Fly out, F9 (Flyball, 9)
Batting: LHB Octávio Otero 0-0: Called Strike
0-1: Ball
1-1: Ball
2-1: Ball
3-1: SINGLE (Line Drive, 34D)
Batting: SHB Doug Thompson 0-0: Ball
1-0: Ball
2-0: Ball
3-0: Called Strike
3-1: Base on Balls
Octávio Otero to second
Batting: RHB Wayne Workman 0-0: Ball
1-0: Ball
2-0: Foul Ball, location: 2F
2-1: DOUBLE (Line Drive, 89M)
Octávio Otero scores
Doug Thompson to third
Runner from 3rd tries for Home, SAFE, no throw
Pitching: RHP Jason Lyon
Batting: RHB Miguel Márquez 0-0: Ball
1-0: Swinging Strike
1-1: Ball
2-1: Swinging Strike
2-2: Ball
3-2: Strikes out swinging
Bottom of the 8th over - 3 run(s), 3 hit(s), 0 error(s), 1 left on base; UCLA 8 - Arkansas 17
TOP OF THE 9TH
UCLA Bruins batting - Pitching for Arkansas Razorbacks : RHP John Foster
Batting: LHB Federico Medina 0-0: Ball
1-0: Called Strike
1-1: Fly out, F8 (Flyball, 8RS)
Batting: RHB John Pineau 0-0: Ball
1-0: Called Strike
1-1: Ground out 6-3 (Groundball, 6)
Batting: LHB Lonnie Romero 0-0: Ball
1-0: Ball
2-0: Called Strike
2-1: Foul Ball, location: 2F
2-2: Ball
3-2: Foul Ball, location: 2F
3-2: Base on Balls
Batting: RHB Kevin Cochrane 0-0: Foul Ball, location: 2F
0-1: Swinging Strike
0-2: Strikes out swinging
Top of the 9th over - 0 run(s), 0 hit(s), 0 error(s), 1 left on base; UCLA 8 - Arkansas 17
Tuesday, August 8th, 2017 - OOTP Baseball 17.12 Build 75